SKY
FRESNO FALCONS @ SAN DIEGO PADRES
09/10/2051
 
TOP OF THE 1ST
Fresno Falcons batting - Pitching for San Diego Padres : LHP Gage Eskelson
Pitching: LHP Gage Eskelson
Batting: RHB Zach Pryor 0-0: SINGLE (Line Drive, 56, EV 100.0 MPH)
Batting: RHB Hunter Poll 0-0: Ball
1-0: Ball
2-0: Called Strike
2-1: SINGLE (Groundball, 6M, EV 100.6 MPH) (infield hit)
Zach Pryor to second
Batting: LHB Juan Oliu 0-0: Foul Ball, location: 9LMF
0-1: Ball
1-1: Swinging Strike
1-2: Ball
2-2: Strikes out swinging
Batting: RHB Eric Alvares 0-0: Foul Ball, location: 9LSF
0-1: Called Strike
0-2: Strikes out swinging
Batting: RHB Apolo Tussey 0-0: Foul Ball, location: 2F
0-1: Called Strike
0-2: Ball
1-2: Ball
2-2: Fly out, F5 (Popup, 5F, EV 66.3 MPH)
Top of the 1st over - 0 runs, 2 hits, 0 errors, 2 left on base; Fresno 0 - San Diego 0
BOTTOM OF THE 1ST
San Diego Padres batting - Pitching for Fresno Falcons : LHP Hunter Wade
Pitching: LHP Hunter Wade
Batting: RHB Silvio Sevilla 0-0: Called Strike
0-1: Called Strike
0-2: Ground out 6-3 (Groundball, 6, EV 81.3 MPH)
Batting: RHB Des Galindo 0-0: Called Strike
0-1: Called Strike
0-2: Ball
1-2: Foul Ball, location: 2F
1-2: Ball
2-2: Foul Ball, location: 2F
2-2: Foul Ball, location: 2F
2-2: Ball
3-2: Base on Balls
Batting: LHB Eric Ho 0-0: Swinging Strike
0-1: Swinging Strike
0-2: Foul Ball, location: 9LMF
0-2: Foul Ball, location: 3F
0-2: Strikes out swinging
Batting: LHB Owen Chandler 0-0: Ball
1-0: Foul Ball, location: 2F
1-1: Ball
2-1: Swinging Strike
2-2: Foul Ball, location: 25F
2-2: Foul Ball, location: 2RF
2-2: Ball
3-2: Strikes out swinging
Bottom of the 1st over - 0 runs, 0 hits, 0 errors, 1 left on base; Fresno 0 - San Diego 0
TOP OF THE 2ND
Fresno Falcons batting - Pitching for San Diego Padres : LHP Gage Eskelson
Batting: RHB Wendolyn Valdez 0-0: Fly out, F4 (Popup, 4, EV 73.8 MPH)
Batting: RHB Aryan Christopherson 0-0: Called Strike
0-1: Swinging Strike
0-2: Ball
1-2: SINGLE (Groundball, 4, EV 99.4 MPH)
Batting: RHB José Ángel Ayon 0-0: Foul Ball, location: 2F
0-1: Ball
1-1: Ball
2-1: Grounds into double play, 4-6-3 (Groundball, 34, EV 80.0 MPH)
Top of the 2nd over - 0 runs, 1 hit, 0 errors, 0 left on base; Fresno 0 - San Diego 0
BOTTOM OF THE 2ND
San Diego Padres batting - Pitching for Fresno Falcons : LHP Hunter Wade
Batting: RHB Trinidad Apodaca 0-0: Ball
1-0: Ball
2-0: Fly out, F8 (Flyball, 8LM, EV 89.4 MPH)
Batting: RHB Ron Nester 0-0: Ball
1-0: SINGLE (Groundball, 34S, EV 88.8 MPH) (infield hit)
Batting: LHB Neil Smyth 0-0: Called Strike
0-1: Ball
1-1: Foul Ball, location: 2F
1-2: Ball
2-2: SINGLE (Groundball, 6MD, EV 99.4 MPH)
Ron Nester to second
Runner from 2nd tries for 3rd, SAFE, no throw by CF
Batting: RHB Carter Harding 0-0: Ball
Neil Smyth is caught stealing 2nd base 2-4
1-0: Fly out, F9 (Flyball, 9LM, EV 81.3 MPH)
Bottom of the 2nd over - 0 runs, 2 hits, 0 errors, 1 left on base; Fresno 0 - San Diego 0
TOP OF THE 3RD
Fresno Falcons batting - Pitching for San Diego Padres : LHP Gage Eskelson
Batting: LHB Everett Hardin 0-0: Called Strike
0-1: Ground out 4-3 (Groundball, 34, EV 103.1 MPH)
Batting: RHB Zach Pryor 0-0: Ball
1-0: TRIPLE (Line Drive, 9LD, EV 103.8 MPH)
Batting: RHB Hunter Poll 0-0: Foul Ball, location: 2F
0-1: Fly out, F7 (Line Drive, 7S, EV 96.9 MPH)
Batting: LHB Juan Oliu 0-0: Called Strike
0-1: Swinging Strike
0-2: Ball
1-2: Foul Ball, location: 23F
1-2: Ball
2-2: Foul Ball, location: 3FF
2-2: Foul Ball, location: 2RF
2-2: Strikes out swinging
Top of the 3rd over - 0 runs, 1 hit, 0 errors, 1 left on base; Fresno 0 - San Diego 0
BOTTOM OF THE 3RD
San Diego Padres batting - Pitching for Fresno Falcons : LHP Hunter Wade
Batting: LHB Flávio Chacon 0-0: Called Strike
0-1: Fly out, F8 (Flyball, 89M, EV 85.6 MPH)
Batting: RHB Silvio Sevilla 0-0: Ball
1-0: Foul Ball, location: 2F
1-1: Bunt for hit to 25 - play at first, batter safe!
Batting: RHB Des Galindo 0-0: Ball
Silvio Sevilla steals 2nd base
1-0: Ball
2-0: Ball
3-0: Called Strike
3-1: Ground out 4-3 (Groundball, 4, EV 104.4 MPH)
Silvio Sevilla to third
Batting: LHB Eric Ho 0-0: Ground out U3 (Groundball, 3, EV 108.1 MPH)
Bottom of the 3rd over - 0 runs, 1 hit, 0 errors, 1 left on base; Fresno 0 - San Diego 0
TOP OF THE 4TH
Fresno Falcons batting - Pitching for San Diego Padres : LHP Gage Eskelson
Batting: RHB Eric Alvares 0-0: Fly out, F7 (Line Drive, 7S, EV 105.0 MPH)
Batting: RHB Apolo Tussey 0-0: Fly out, F8 (Flyball, 8LM, EV 85.6 MPH)
Batting: RHB Wendolyn Valdez 0-0: Foul Ball, location: 2F
0-1: Foul Ball, location: 9LSF
0-2: Foul Ball, location: 9LMF
0-2: Ball
1-2: Ball
2-2: Ball
3-2: Foul Ball, location: 2F
3-2: Foul Ball, location: 25F
3-2: SINGLE (Line Drive, 7LS, EV 84.4 MPH)
Batting: RHB Aryan Christopherson 0-0: Ball
1-0: Foul Ball, location: 5F
1-1: Called Strike
1-2: Strikes out swinging
Top of the 4th over - 0 runs, 1 hit, 0 errors, 1 left on base; Fresno 0 - San Diego 0
BOTTOM OF THE 4TH
San Diego Padres batting - Pitching for Fresno Falcons : LHP Hunter Wade
Batting: LHB Owen Chandler 0-0: Ball
1-0: Foul Ball, location: 5F
1-1: Foul Ball, location: 3F
1-2: Ball
2-2: Strikes out swinging
Batting: RHB Trinidad Apodaca 0-0: Foul Ball, location: 3SF
0-1: Ground out 5-3 (Groundball, 56, EV 86.9 MPH)
Batting: RHB Ron Nester 0-0: Called Strike
0-1: SINGLE (Flyball, 78S, EV 92.5 MPH)
Batting: LHB Neil Smyth 0-0: Foul Ball, location: 7LSF
0-1: Called Strike
Ron Nester steals 2nd base (no throw)
0-2: Ball
1-2: Ground out 6-3 (Groundball, 6MS, EV 65.0 MPH)
Bottom of the 4th over - 0 runs, 1 hit, 0 errors, 1 left on base; Fresno 0 - San Diego 0
TOP OF THE 5TH
Fresno Falcons batting - Pitching for San Diego Padres : LHP Gage Eskelson
Batting: RHB José Ángel Ayon 0-0: Ball
1-0: Ball
2-0: Ball
3-0: Base on Balls
Batting: LHB Everett Hardin 0-0: Called Strike
0-1: Fly out, F9 (Flyball, 9, EV 84.4 MPH)
Batting: RHB Zach Pryor 0-0: Ball
1-0: Foul Ball, location: 2F
1-1: Ball
2-1: Foul Ball, location: 9LMF
2-2: Foul Ball, location: 23F
2-2: Ball
3-2: Foul Ball, location: 2F
3-2: Base on Balls
José Ángel Ayon to second
Batting: RHB Hunter Poll 0-0: Ball
1-0: DOUBLE (Line Drive, 9LS, EV 106.3 MPH)
José Ángel Ayon scores
Zach Pryor to third
Batting: LHB Juan Oliu 0-0: Called Strike
0-1: Ball
1-1: Called Strike
1-2: Strikes out looking
Batting: RHB Eric Alvares 0-0: Ball
1-0: Fly out, F9 (Flyball, 89M, EV 96.3 MPH)
Top of the 5th over - 1 run, 1 hit, 0 errors, 2 left on base; Fresno 1 - San Diego 0
BOTTOM OF THE 5TH
San Diego Padres batting - Pitching for Fresno Falcons : LHP Hunter Wade
Batting: RHB Carter Harding 0-0: Called Strike
0-1: Foul Ball, location: 25FF
0-2: Strikes out swinging
Batting: LHB Flávio Chacon 0-0: Ball
1-0: Ball
2-0: Ball
3-0: Called Strike
3-1: Fly out, F9 (Flyball, 9LM, EV 97.5 MPH)
Batting: RHB Silvio Sevilla 0-0: Swinging Strike
0-1: Foul Ball, location: 2F
0-2: Ball
1-2: Strikes out looking
Bottom of the 5th over - 0 runs, 0 hits, 0 errors, 0 left on base; Fresno 1 - San Diego 0
TOP OF THE 6TH
Fresno Falcons batting - Pitching for San Diego Padres : LHP Gage Eskelson
Batting: RHB Apolo Tussey 0-0: Called Strike
0-1: Ground out 5-3 (Groundball, 56S, EV 69.4 MPH)
Batting: RHB Wendolyn Valdez 0-0: Called Strike
0-1: Swinging Strike
0-2: Strikes out swinging
Batting: RHB Aryan Christopherson 0-0: Ball
1-0: Ball
2-0: Foul Ball, location: 5DF
2-1: Ball
3-1: Base on Balls
Batting: RHB José Ángel Ayon 0-0: Fielders Choice at 2nd, 6-4 (Groundball, 6, EV 103.8 MPH)
Top of the 6th over - 0 runs, 0 hits, 0 errors, 1 left on base; Fresno 1 - San Diego 0
BOTTOM OF THE 6TH
San Diego Padres batting - Pitching for Fresno Falcons : LHP Hunter Wade
Batting: RHB Des Galindo 0-0: Called Strike
0-1: Foul Ball, location: 2F
0-2: Ball
1-2: Ball
2-2: Ball
3-2: Foul Ball, location: 5F
3-2: Fly out, F8 (Flyball, 8RM, EV 92.5 MPH)
Batting: LHB Eric Ho 0-0: Ball
1-0: Foul Ball, location: 2F
1-1: Ground out 4-3 (Groundball, 4S, EV 86.9 MPH)
Batting: LHB Owen Chandler 0-0: Called Strike
0-1: Ball
1-1: Ball
2-1: Ball
3-1: Base on Balls
Batting: RHB Trinidad Apodaca 0-0: Called Strike
0-1: DOUBLE (Line Drive, 78D, EV 111.3 MPH)
Owen Chandler to third
Batting: RHB Ron Nester 0-0: Foul Ball, location: 23F
0-1: Foul Ball, location: 9LSF
0-2: Foul Ball, location: 2F
0-2: Foul Ball, location: 5DF
0-2: Fly out, F5 (Popup, 5, EV 83.1 MPH)
Bottom of the 6th over - 0 runs, 1 hit, 0 errors, 2 left on base; Fresno 1 - San Diego 0
TOP OF THE 7TH
Fresno Falcons batting - Pitching for San Diego Padres : LHP Gage Eskelson
Batting: LHB Everett Hardin 0-0: Swinging Strike
0-1: Called Strike
0-2: Ball
1-2: Ball
2-2: Fly out, F7 (Flyball, 7S, EV 95.6 MPH)
Batting: RHB Zach Pryor 0-0: Foul Ball, location: 7LDF
0-1: Swinging Strike
0-2: Ball
1-2: Ball
2-2: Foul Ball, location: 3SF
2-2: Foul Ball, location: 23F
2-2: Ground out 5-3 (Groundball, 56S, EV 66.3 MPH)
Batting: RHB Hunter Poll 0-0: Ball
1-0: Called Strike
1-1: Foul Ball, location: 25F
1-2: Ball
2-2: Strikes out swinging
Top of the 7th over - 0 runs, 0 hits, 0 errors, 0 left on base; Fresno 1 - San Diego 0
BOTTOM OF THE 7TH
San Diego Padres batting - Pitching for Fresno Falcons : LHP Hunter Wade
Pitching: RHP Jaden Vinson
Batting: LHB Neil Smyth 0-0: Called Strike
0-1: Ball
1-1: Ball
2-1: Called Strike
2-2: Ball
3-2: Foul Ball, location: 3F
3-2: Foul Ball, location: 2F
3-2: Foul Ball, location: 7LDF
3-2: Base on Balls
Pinch Hitting: LHB Lester Flores 0-0: Called Strike
0-1: Ball
1-1: SINGLE (Line Drive, 89S, EV 92.5 MPH)
Neil Smyth to second
Batting: LHB Flávio Chacon 0-0: Ball
1-0: Called Strike
1-1: Called Strike
1-2: Strikes out swinging
Batting: RHB Silvio Sevilla 0-0: Foul Ball, location: 5F
0-1: Called Strike
0-2: Foul Ball, location: 7LMFF
0-2: Ball
1-2: Ball
2-2: Ball
3-2: TRIPLE (Groundball, 3L, EV 94.4 MPH)
Neil Smyth scores
Lester Flores scores
Batting: RHB Des Galindo Balk!
Silvio Sevilla scores
Pitching: RHP Jared Bernath 0-0: Foul Ball, location: 2F
0-1: Foul Ball, location: 2F
0-2: Fly out, F7 (Line Drive, 7, EV 109.4 MPH)
Batting: LHB Eric Ho 0-0: Foul Ball, location: 7LMF
0-1: Ball
1-1: Ball
2-1: Foul Ball, location: 25F
2-2: Ball
3-2: Foul Ball, location: 9LMF
3-2: SOLO HOME RUN (Flyball, 9D, EV 100.0 MPH), Distance : 386 ft
Batting: LHB Owen Chandler 0-0: Ball
1-0: Ball
2-0: Foul Ball, location: 2F
2-1: Called Strike
2-2: Ground out 6-3 (Groundball, 56, EV 100.0 MPH)
Bottom of the 7th over - 4 runs, 3 hits, 0 errors, 0 left on base; Fresno 1 - San Diego 4
TOP OF THE 8TH
Fresno Falcons batting - Pitching for San Diego Padres : LHP Gage Eskelson
Pitching: RHP Robert Lacoste
Now at SS: Seth Principato
Batting: LHB Juan Oliu 0-0: Called Strike
0-1: Called Strike
0-2: Ball
1-2: SINGLE (Flyball, 78M, EV 95.0 MPH)
Batting: RHB Eric Alvares 0-0: Ball
1-0: Ball
2-0: Called Strike
2-1: Called Strike
2-2: Foul Ball, location: 3SF
2-2: Ball
3-2: Strikes out swinging
Batting: RHB Apolo Tussey 0-0: Called Strike
0-1: Called Strike
0-2: Ball
1-2: Ball
2-2: Foul Ball, location: 5FF
2-2: Foul Ball, location: 3DF
2-2: Strikes out looking
Batting: RHB Wendolyn Valdez 0-0: Ball
1-0: Ball
Wild Pitch!
Juan Oliu to second
2-0: Ball
3-0: Base on Balls
Batting: RHB Aryan Christopherson 0-0: Called Strike
0-1: Ball
1-1: Foul Ball, location: 2F
1-2: Strikes out swinging
Top of the 8th over - 0 runs, 1 hit, 0 errors, 2 left on base; Fresno 1 - San Diego 4
BOTTOM OF THE 8TH
San Diego Padres batting - Pitching for Fresno Falcons : RHP Jared Bernath
Batting: RHB Trinidad Apodaca 0-0: Ball
1-0: Swinging Strike
1-1: Called Strike
1-2: Ball
2-2: Foul Ball, location: 7LSF
2-2: Strikes out swinging
Batting: RHB Ron Nester 0-0: Called Strike
0-1: Ball
1-1: Ground out 6-3 (Groundball, 6, EV 90.0 MPH)
Pitching: LHP Karson Lenz
Batting: LHB Neil Smyth 0-0: Called Strike
0-1: Called Strike
0-2: Strikes out looking
Bottom of the 8th over - 0 runs, 0 hits, 0 errors, 0 left on base; Fresno 1 - San Diego 4
TOP OF THE 9TH
Fresno Falcons batting - Pitching for San Diego Padres : RHP Robert Lacoste
Batting: RHB José Ángel Ayon 0-0: Ball
1-0: Ball
2-0: Called Strike
2-1: Ball
3-1: Ground out 6-3 (Groundball, 6, EV 85.0 MPH)
Batting: LHB Everett Hardin 0-0: Called Strike
0-1: Foul Ball, location: 2F
0-2: SINGLE (Groundball, 4M, EV 100.0 MPH) (infield hit)
Batting: RHB Zach Pryor 0-0: Ball
1-0: Fielders Choice at 2nd, 6-4 (Groundball, 6M, EV 81.3 MPH)
Batting: RHB Hunter Poll 0-0: Called Strike
0-1: Ball
1-1: Fly out, F6 (Line Drive, 6, EV 69.4 MPH)
Top of the 9th over - 0 runs, 1 hit, 0 errors, 1 left on base; Fresno 1 - San Diego 4
Friday, March 29th , 2024 - OOTP Baseball 24.11 Build 85